 Dungeon Crawl Stone Soup version 0.29.1-4-g47bece8355 (webtiles) character file.

Game seed: 6619001582754971407

80425 LustLizard the Brawler (level 15, 0/154 HPs)
             Began as a Troll Fighter on Dec 5, 2022.
             Was the Champion of Wu Jian.
             Slain by a tengu warrior
             ... wielding a +1 long sword
              (12 damage)
             ... on level 15 of the Dungeon.
             The game lasted 00:57:41 (21047 turns).

LustLizard the Brawler (Troll Fighter)             Turns: 21047, Time: 00:57:41

Health: 0/154      AC:  8    Str: 28    XL:     15   Next: 23%
Magic:  14/14      EV: 23    Int: 10    God:    Wu Jian [******]
Gold:   2448       SH: 15    Dex: 21    Spells: 14/14 levels left

rFire   . . .      SeeInvis .     - Unarmed
rCold   + . .      Faith    .   b - +2 kite shield
rNeg    . . .      Spirit   .   H - +0 troll leather armour
rPois   .          Reflect  .   (helmet restricted)
rElec   .          Harm     .   Z - +1 cloak of Starlight {*Dazzle EV+4 Stlth--}
rCorr   .          Rampage  .   (gloves unavailable)
Will    +....                   (boots unavailable)
Stlth   ..........              h - amulet of Intercession {RegenMP rC+ Dex+6}
HPRegen 1.95/turn               B - +4 ring of evasion
MPRegen 0.54/turn               R - +6 ring of dexterity

@: no status effects
A: large, unfitting armour, claws 3, regeneration 1, shaggy fur 1, tough skin 1
a: Renounce Religion, Wall Jump, Serpent's Lash, Heavenly Storm


You were on level 15 of the Dungeon.
You worshipped Wu Jian.
Wu Jian was exalted by your worship.
You visited 3 branches of the dungeon, and saw 21 of its levels.
You also visited: Volcano.

You collected 2448 gold pieces.

Inventory:

Hand Weapons
 r - the +6 spear "Peffeuff" {elec, rF+ rC++ Will+ Int-2}
   (You found it on level 12 of the Dungeon)

   It occasionally discharges a powerful burst of electricity upon striking a
   foe.
   Int:       It affects your intelligence (-2).
   rF:        It protects you from fire.
   rC:        It greatly protects you from cold.
   Will:      It increases your willpower.
 M - a +4 scimitar of flaming
Armour
 b - a +2 kite shield (worn)
 p - a +1 robe of willpower
 H - a +0 troll leather armour (worn)
 J - a +0 tower shield
 Q - a +1 robe of cold resistance
 U - +0 fire dragon scales
 Z - the +1 cloak of Starlight (worn) {*Dazzle EV+4 Stlth--}
   (You found it on level 5 of the Lair of Beasts)

   It may blind those who miss an attack against the wearer in melee combat.
   EV:        It affects your evasion (+4).
   Stlth:     It makes you much less stealthy.
Jewellery
 f - a ring of flight
 h - the amulet of Intercession (around neck) {RegenMP rC+ Dex+6}
   (You acquired it on level 15 of the Dungeon)

   [amulet of magic regeneration]

   It increases your rate of magic regeneration.
   Dex:       It affects your dexterity (+6).
   rC:        It protects you from cold.
 k - a ring of see invisible
 x - a ring of resist corrosion
 B - a +4 ring of evasion (left claw)
 I - a +6 ring of intelligence
 R - a +6 ring of dexterity (right claw)
 Y - a ring of poison resistance
Wands
 a - a wand of digging (5)
 C - a wand of light (21) (quivered)
 K - a wand of iceblast (9)
 N - a wand of flame (6)
 O - a wand of polymorph (7)
 P - a wand of paralysis (10)
 W - a wand of mindburst (4)
Scrolls
 d - 6 scrolls of enchant armour
 e - 6 scrolls of teleportation
 g - 2 scrolls of magic mapping
 m - 4 scrolls of summoning
 u - a scroll of brand weapon
 v - 2 scrolls of poison
 y - 3 scrolls of amnesia
 z - 2 scrolls of blinking
 E - 2 scrolls of silence
 F - 2 scrolls of immolation
 G - 2 scrolls of noise
 L - 2 scrolls of enchant weapon
 S - 2 scrolls of torment
 T - 2 scrolls of butterflies
 X - a scroll of fear
Potions
 c - 5 potions of might
 j - 3 potions of resistance
 l - 9 potions of ambrosia
 o - 11 potions of curing
 q - 5 potions of heal wounds
 s - 7 potions of mutation
 t - 5 potions of attraction
 w - 3 potions of haste
 A - 3 potions of brilliance
 D - 4 potions of cancellation
 V - 2 potions of berserk rage


   Skills:
 + Level 11.2 Fighting
 - Level 9.9 Dodging
 + Level 12.1 Shields
 * Level 17.8 Unarmed Combat


You had 14 spell levels left.
You didn't know any spells.
Your spell library contained the following spells:

 Spells                   Type           Power      Damage    Failure   Level
 Foxfire                  Conj/Fire      0%         2x1d4     58%         1
 Freeze                   Ice            0%         1d3       58%         1
 Necrotise                Necr           0%         1d4       58%         1
 Slow                     Hex            0%         N/A       58%         1
 Summon Small Mammal      Summ           0%         N/A       58%         1
 Confusing Touch          Hex            0%         N/A       91%         3
 Conjure Flame            Conj/Fire      0%         6-21      91%         3
 Ignite Poison            Fire/Tmut/Pois 0%         N/A       91%         3
 Inner Flame              Hex/Fire       0%         N/A       91%         3
 Vampiric Draining        Necr           0%         2d6       91%         3
 Airstrike                Air            0%         2d(0-16)  100%        4
 Animate Armour           Summ/Erth      0%         N/A       100%        4
 Animate Dead             Necr           0%         N/A       100%        4
 Flame Wave               Conj/Fire      0%         2d4       100%        4
 Sticky Flame             Conj/Fire      0%         2d3       100%        4
 Summon Lightning Spire   Summ/Air       0%         N/A       100%        4
 Agony                    Necr           0%         N/A       100%        5
 Blade Hands              Tmut           0%         N/A       100%        5
 Borgnjor's Vile Clutch   Necr/Erth      0%         N/A       100%        5
 Lightning Bolt           Conj/Air       0%         1d11      100%        5
 Yara's Violent Unravell  Hex/Tmut       0%         3d3       100%        5
 Death Channel            Necr           0%         N/A       100%        6
 Iron Shot                Conj/Erth      0%         9d1       100%        6
 Enfeeble                 Hex            0%         N/A       100%        7


Dungeon Overview and Level Annotations

Branches:
Dungeon (15/15)            Temple (1/1) D:6            Lair (5/5) D:9
 Shoals (0/4) Lair:3        Snake (0/4) Lair:2        Slime (0/5) Lair:5
    Orc (0/2) D:9          Vaults (0/5) D:13        Volcano (visited)
 Depths: D:15

Altars:
Ashenzari
Cheibriados
Dithmenos
Elyvilon
Fedhas
Hepliaklqana
Kikubaaqudgha
Makhleb
Nemelex Xobeh
Okawaru
Qazlal
Ru
Sif Muna
Trog
Uskayaw
Vehumet
Wu Jian
Xom
Yredelemnul
Zin
The Shining One
Jiyva

Shops:
D:3 *   D:7 *   D:8 *   D:10 [

Annotations:
D:8 2 transporters, FizzleBangTC's ghost, novice MeEE
D:12 1 runed translucent door, SirLogeyBear's ghost, journeyman HOBe
D:13 2 transporters, ZoeForever1's ghost, journeyman DrTm


Innate Abilities, Weirdness & Mutations

You are too large for most types of armour.
You have claws for hands.
Your natural rate of healing is unusually fast.
You are covered in fur. (AC +1)
You have tough skin. (AC +1)


Message History

You block the tengu warrior's attack. x2
The meliai invokes the aid of its god against you.
Something smites you! Something misses you.
The orc sorcerer shouts!
You spin and attack the tengu warrior.
You claw the tengu warrior!
The tengu warrior is heavily wounded.
The tengu warrior hits you with a +1 long sword!
You block the tengu warrior's attack.
The tengu warrior completely misses you.
You block the meliai's attack.
The meliai stings you but does no damage.
The orc sorcerer mumbles some strange words.
Things that are here:
a +3 hand axe; a +0 robe; a meliai corpse You mangle the meliai!!
You kill the meliai!
The Council accepts your kill. You block the tengu warrior's attack.
The tengu warrior misses you. The tengu warrior closely misses you.
You hear some strange, mumbled words.
You spin and attack the tengu warrior.
You claw the tengu warrior!
The tengu warrior is severely wounded.
The tengu warrior hits you with a +1 long sword!!
* * * LOW HITPOINT WARNING * * *
The tengu warrior pecks you but does no damage.
The tengu warrior closely misses you.
Unknown command.
You miss the tengu warrior.
The tengu warrior is severely wounded.
The tengu warrior hits you with a +1 long sword!
* * * LOW HITPOINT WARNING * * *
The tengu warrior closely misses you. You block the tengu warrior's attack.
You mangle the tengu warrior!!
The tengu warrior is almost dead.
The tengu warrior hits you with a +1 long sword!
* * * LOW HITPOINT WARNING * * *
The tengu warrior barely misses you. You block the tengu warrior's attack.
The tengu warrior attacks as you move away!
The tengu warrior hits you with a +1 long sword!
You die...

...."<...#
##..)....###########.
#...................
#....<..##.#.######
#.......##.#.#
#.......##.#.#
####.#####.#.#### #.#
#.#....# #.# #.####@#
... ..# #Q)## .. ###
#.)p# #.....#
#...#..... ####o####.
#.. ... o.#


You could see a tengu warrior, a necromancer and an orc sorcerer.

Vanquished Creatures
  A fire giant (D:12)
  A fire dragon (Lair:5)
  An ettin (D:12)
  2 boulder beetles
  Fannar (D:10)
  9 hydras
  A vault guard (D:13)
  2 centaur warriors
  3 two-headed ogres
  The ghost of SirLogeyBear the Cleaver, a novice HOBe of Trog (D:7)
  Erica (D:8)
  A tengu warrior (D:13)
  10 death yaks
  A fire crab (shapeshifter) (D:13)
  A swamp dragon (Lair:5)
  A deep elf archer (Volcano)
  2 cyclopes
  10 deep elf pyromancers
  4 ugly things
  2 manticores
  7 elephants (Lair:4)
  7 black mambas
  2 torpor snails (Lair:5)
  A gargoyle (D:11)
  10 cane toads
  An unseen horror (D:12)
  3 rime drakes
  Psyche (D:8)
  A komodo dragon (shapeshifter) (D:13)
  An efreet (D:14)
  A tengu conjurer (D:12)
  19 komodo dragons
  A queen bee (Lair:2)
  3 meliai (D:15)
  8 polar bears
  2 trolls
  Prince Ribbit (D:8)
  Grinder (D:4)
  27 blink frogs
  6 dream sheep
  Sigmund (D:3)
  A jumping spider (shapeshifter) (D:14)
  45 yaks
  3 vampires
  A wraith (D:13)
  9 wyverns
  4 basilisks
  6 fire elementals (Volcano)
  10 humans (D:13)
  3 steam dragons
  10 vampire mosquitoes
  Edmund (D:4)
  A warg (D:9)
  2 acid dragons
  Menkaure (D:4)
  5 hell hounds (Volcano)
  24 water moccasins
  2 sky beasts
  A swamp drake (Lair:5)
  3 ice beasts
  2 black bears (D:7)
  7 orc warriors
  25 wolves
  An ogre (D:5)
  15 centaurs
  A phantom (D:5)
  2 kobold brigands
  19 bullfrogs
  2 necrophages
  3 gnoll sergeants (D:10)
  6 scorpions
  11 wights
  29 killer bees
  10 howler monkeys
  9 hounds
  9 orc priests
  Crazy Yiuf (D:6)
  A gnoll bouda (D:10)
  An iron imp (D:11)
  4 jellies
  Ijyb (D:4)
  21 orc wizards
  10 iguanas
  Robin (D:2)
  16 gnolls
  9 adders
  A shadow imp (D:5)
  A white imp (D:6)
  2 ufetubi
  3 worms
  60 orcs
  6 bats
  10 endoplasms
  3 giant cockroaches
  20 goblins
  15 hobgoblins
  5 jackals
  7 quokkas
  7 ball pythons
  2 frilled lizards (D:1)
  11 kobolds
  3 rats
663 creatures vanquished.

Vanquished Creatures (others)
  A vault guard (D:13)
  30 fungi
  98 plants
129 creatures vanquished.

Grand Total: 792 creatures vanquished

Notes
Turn   | Place    | Note
-------+----------+-------------------------------------------
     0 | D:1      | LustLizard the Troll Fighter began the quest for the Orb.
     0 | D:1      | Reached XP level 1. HP: 22/22 MP: 0/0
    38 | D:1      | Got Juicerghe's First Steps in Witchcraft
   133 | D:1      | Reached XP level 2. HP: 29/29 MP: 1/1
   269 | D:1      | Reached XP level 3. HP: 35/36 MP: 2/2
   654 | D:2      | Reached skill level 3 in Unarmed Combat
   701 | D:2      | Noticed Robin
   729 | D:2      | Killed Robin
   798 | D:2      | Reached XP level 4. HP: 44/44 MP: 1/3
  1284 | D:2      | Found a faded altar of an unknown god.
  1662 | D:3      | Found a shadowy altar of Dithmenos.
  1833 | D:3      | Found an ancient bone altar of Kikubaaqudgha.
  1872 | D:3      | Noticed Sigmund
  1895 | D:3      | Killed Sigmund
  1896 | D:3      | Reached skill level 4 in Unarmed Combat
  1896 | D:3      | Reached XP level 5. HP: 50/53 MP: 2/4
  1896 | D:3      | Reached XP level 6. HP: 58/61 MP: 2/5
  2155 | D:3      | Found Zin's Purification Station.
  2158 | D:3      | Found a glowing silver altar of Zin.
  2299 | D:4      | Reached skill level 5 in Unarmed Combat
  2404 | D:4      | Noticed Edmund
  2433 | D:4      | Killed Edmund
  2434 | D:4      | Reached XP level 7. HP: 22/65 MP: 2/6
  2523 | D:4      | Found an iron altar of Okawaru.
  2665 | D:4      | Reached skill level 6 in Unarmed Combat
  2724 | D:4      | Noticed Ijyb
  2809 | D:4      | Noticed Grinder
  2818 | D:4      | Killed Grinder
  2902 | D:4      | Noticed Menkaure
  2908 | D:4      | Killed Menkaure
  2909 | D:4      | Reached skill level 5 in Shields
  2909 | D:4      | Reached XP level 8. HP: 48/79 MP: 5/7
  2910 | D:4      | Reached skill level 7 in Unarmed Combat
  3830 | D:4      | Killed Ijyb
  3899 | D:5      | Entered Level 5 of the Dungeon
  4039 | D:5      | Reached skill level 5 in Fighting
  4100 | D:5      | Reached skill level 8 in Unarmed Combat
  4323 | D:5      | Reached XP level 9. HP: 30/88 MP: 2/8
  4533 | D:5      | Found a shimmering blue altar of Sif Muna.
  4571 | D:5      | Found a hazy altar of Hepliaklqana.
  4571 | D:5      | Found a white marble altar of Elyvilon.
  4812 | D:6      | Found a runed translucent door.
  4813 | D:6      | Noticed Crazy Yiuf
  4968 | D:6      | Reached skill level 9 in Unarmed Combat
  5406 | D:6      | Found a staircase to the Ecumenical Temple.
  5415 | Temple   | Entered the Ecumenical Temple
  5452 | Temple   | Became a worshipper of the Wu Jian Council
  6056 | D:6      | Killed Crazy Yiuf
  6099 | D:7      | Noticed a cyclops
  6105 | D:7      | Killed a cyclops
  6272 | D:7      | Found a transporter.
  6279 | D:7      | Noticed SirLogeyBear's ghost (novice HOBe)
  6282 | D:7      | Found a transporter.
  6282 | D:7      | Noticed a red ugly thing
  6330 | D:7      | Reached skill level 10 in Unarmed Combat
  6544 | D:7      | Found a huge runed translucent gate.
  6544 | D:7      | Found a huge runed translucent gate.
  6544 | D:7      | Found a huge runed translucent gate.
  6544 | D:7      | Found a huge runed translucent gate.
  6544 | D:7      | Noticed a polar bear
  6544 | D:7      | Noticed a polar bear
  6544 | D:7      | Noticed a polar bear
  6544 | D:7      | Noticed a polar bear
  6544 | D:7      | Noticed a death yak
  6544 | D:7      | Noticed a polar bear
  6545 | D:7      | Noticed a death yak
  6545 | D:7      | Noticed a polar bear
  6545 | D:7      | Noticed a polar bear
  6621 | D:7      | Found Acutrabi's Gadget Gallery.
  6640 | D:7      | Reached XP level 10. HP: 95/100 MP: 7/9
  6830 | D:8      | Noticed Psyche
  6836 | D:8      | Killed Psyche
  6836 | D:8      | Noticed Erica
  6841 | D:8      | Killed Erica
  6892 | D:8      | Found a bloodstained altar of Trog.
  6892 | D:8      | Noticed FizzleBangTC's ghost (novice MeEE)
  6893 | D:8      | Found a transporter.
  6893 | D:8      | Noticed a two-headed ogre
  6904 | D:8      | Noticed a moth of wrath
  7001 | D:8      | Noticed Prince Ribbit
  7002 | D:8      | Found Heimon's General Store.
  7039 | D:8      | Killed Prince Ribbit
  7077 | D:8      | Reached * piety under Wu Jian
  7218 | D:8      | Found a transporter.
  7506 | D:8      | Reached skill level 11 in Unarmed Combat
  7960 | D:9      | Noticed a two-headed ogre
  8021 | D:9      | Killed a two-headed ogre
  8022 | D:9      | Reached skill level 5 in Dodging
  8022 | D:9      | Reached XP level 11. HP: 96/109 MP: 8/10
  8134 | D:9      | Reached ** piety under Wu Jian
  8478 | D:9      | Found a staircase to the Lair.
  8643 | D:9      | Found a staircase to the Orcish Mines.
  8930 | D:10     | Entered Level 10 of the Dungeon
  8964 | D:10     | Reached skill level 12 in Unarmed Combat
  9130 | D:10     | Found Viczinni's Armour Emporium.
  9165 | D:10     | Reached *** piety under Wu Jian
  9268 | D:10     | Noticed Fannar
  9297 | D:10     | Killed Fannar
  9425 | D:10     | Found a hide-covered altar of Uskayaw.
  9484 | D:10     | Found a shimmering altar of Xom.
  9644 | D:10     | Found a snail-covered altar of Cheibriados.
  9928 | D:11     | Noticed a two-headed ogre
  9944 | D:11     | Killed a two-headed ogre
 10060 | D:11     | Found a snail-covered altar of Cheibriados.
 10683 | D:12     | Reached **** piety under Wu Jian
 10773 | D:12     | Found a runed translucent door.
 10781 | D:12     | Noticed a spriggan rider
 10782 | D:12     | Identified the +9 trident of the Jester {drain, rC- rCorr
                  | MP+9}
 10782 | D:12     | Noticed a spriggan rider
 10783 | D:12     | Noticed SirLogeyBear's ghost (journeyman HOBe)
 10792 | D:12     | Reached skill level 13 in Unarmed Combat
 10841 | D:12     | Noticed a fire giant
 10858 | D:12     | Noticed a white ugly thing
 10899 | D:12     | Reached XP level 12. HP: 120/120 MP: 9/11
 11092 | D:12     | Noticed a boulder beetle
 11278 | D:7      | Killed a death yak
 11291 | D:7      | Killed a death yak
 11522 | Lair:1   | Entered Level 1 of the Lair of Beasts
 11543 | Lair:1   | Found a dark tunnel.
 11752 | Lair:1   | Noticed a boulder beetle
 11773 | Lair:1   | Killed a boulder beetle
 11832 | Volcano  | Entered a volcano
 11848 | Volcano  | Reached ***** piety under Wu Jian
 11883 | Volcano  | Reached skill level 14 in Unarmed Combat
 11926 | Volcano  | HP: 5/123 [deep elf pyromancer/bolt of fire (27)]
 12347 | Lair:1   | Reached skill level 10 in Shields
 12454 | Lair:1   | Reached XP level 13. HP: 131/131 MP: 10/12
 13228 | Lair:1   | Reached skill level 15 in Unarmed Combat
 13265 | Lair:2   | Found a staircase to the Snake Pit.
 14593 | Lair:3   | Reached ****** piety under Wu Jian
 14919 | Lair:3   | Reached skill level 10 in Fighting
 14924 | Lair:3   | Found a blossoming altar of Fedhas.
 15089 | Lair:3   | Reached skill level 16 in Unarmed Combat
 15102 | Lair:3   | Reached XP level 14. HP: 94/143 MP: 7/13
 15185 | Lair:3   | Identified the +10 lajatang of Internal Strife {vorpal,
                  | rPois rC+}
 15353 | Lair:3   | Found a staircase to the Shoals.
 16928 | Lair:5   | Entered Level 5 of the Lair of Beasts
 17390 | Lair:5   | Reached skill level 17 in Unarmed Combat
 17779 | Lair:5   | Found the +1 cloak of Starlight {*Dazzle EV+4 Stlth--}
 17995 | Lair:5   | Found a viscous altar of Jiyva.
 17996 | Lair:5   | Found a staircase to the Slime Pits.
 18605 | D:12     | Killed a fire giant
 18658 | D:12     | Identified the +2 leather armour "Nuatrum" {rN+}
 18664 | D:12     | Identified the +6 spear "Peffeuff" {elec, rF+ rC++ Will+
                  | Int-2}
 18900 | D:13     | Reached XP level 15. HP: 132/153 MP: 12/14
 18991 | D:13     | Noticed ZoeForever1's ghost (journeyman DrTm)
 18995 | D:13     | Found a transporter.
 18999 | D:13     | Found a transporter.
 19251 | D:13     | Found a gate to the Vaults.
 19805 | D:7      | Killed SirLogeyBear's ghost
 20967 | D:15     | Entered Level 15 of the Dungeon
 20996 | D:15     | Identified 2 scrolls of acquirement
 20999 | D:15     | Acquired 881 gold pieces
 21001 | D:15     | Acquired the amulet of Intercession {RegenMP rC+ Dex+6}
 21047 | D:15     | Slain by a tengu warrior

Illustrated notes

Levels and vault maps discovered:
D:1:      dpeg_arrival_simpleton_b, layout_basic, chequers_arboretum
D:2:      layout_basic, basic_ecumenical_altar, uniq_robin
D:3:      layout_basic, mainiacjoe_overflow_alcove_2, amcnicky_altar_gilded,
          zin_purify, item_on_display_a, uniq_sigmund
D:4:      layout_basic, kennysheep_okawaru_gauntlet, uniq_menkaure, uniq_ijyb,
          uniq_grinder, uniq_edmund
D:5:      layout_rooms, lemuel_coloured_pillars_altar,
          gammafunk_temple_overflow_elements
D:6:      layout_layer_cave, minmay_temple_entry_overgrown, grunt_ministairs_7,
          uniq_crazy_yiuf_cottage
D:7:      lemuel_bear_cage, layout_basic, gammafunk_ghost_arena,
          grunt_ministairs_15, nicolae_shop_gadgets
D:8:      layout_loops_corners, gammafunk_ghost_wrathful_warriors, serial_shops,
          nicolae_square_shop, uniq_erica, uniq_psyche, uniq_prince_ribbit1
D:9:      layout_long_grid, david_lair_shrubbed, erik_orc_3, nicolae_wwwww
D:10:     layout_cross, mainiacjoe_overflow_six_doors_small,
          mainiacjoe_overflow_alcove_4, lemuel_doored_altar, serial_gnoll_camp,
          gnoll_camp_huts_basic, gnoll_camp_mini_doghouse, gnoll_camp_mini_shop,
          gnoll_camp_mini_hut, uniq_fannar
D:11:     layout_basic, slow_altar_1
D:12:     minmay_mutant_horseshoe, layout_irregular_city,
          ebering_ghost_funeral_grove
D:13:     layout_irregular_city, ximxim_vaults_locker_room,
          gammafunk_ghost_arena, nicolae_elevator_lobby_plus
D:14:     layout_stronghold, serial_park_tiny_1
D:15:     hangedman_depths_entry_civil_slaughter, layout_loops_ring,
          nrook_mini_backslash, uniq_kirke
Temple:   nicolae_temple_godzebo
Lair:1:   layout_gridlike, enter_volcano_4, nzn_random_ring
Lair:2:   layout_roguey [special_room_bee], minmay_snake_entry_six_corridors,
          st_stairs_11
Lair:3:   layout_misc_corridors, elwin_shoals_entry_rooms, basic_altar,
          infiniplex_staircase_pool_2
Lair:4:   layout_hall_layers
Lair:5:   guppyfry_lair_end_dragon, layout_hall_layers, dpeg_slime_entry_corner,
          grunt_megastairs_3

Skill      XL: |  1  2  3  4  5  6  7  8  9 10 11 12 13 14 15 |
---------------+----------------------------------------------+-----
Shields        | 3 4 5 6 7 8 9 10 11 12 | 12.1
Unarmed Combat | 3 4 5 6 8 10 11 13 14 16 17 | 17.8
Fighting       | 3 4 5 6 7 8 9 10 11 | 11.2
Dodging        | 3 5 6 7 8 9 |  9.9

Action                   |  1- 3 |  4- 6 |  7- 9 | 10-12 | 13-15 || total
-------------------------+-------+-------+-------+-------+-------++-------
Melee: Unarmed           |   117 |   153 |   264 |   741 |   965 ||  2240
       Scimitar          |       |       |       |       |    37 ||    37
Invok: Lunge             |       |       |    10 |    59 |    55 ||   124
       Whirlwind         |       |       |       |    42 |   152 ||   194
Evoke: Wand              |       |       |     4 |     6 |    28 ||    38
  Use: Potion            |       |     1 |       |     3 |     7 ||    11
       Scroll            |       |       |     3 |    13 |    16 ||    32
 Stab: Sleeping          |       |     2 |     1 |     3 |     1 ||     7
       Invisible         |       |       |     2 |       |    14 ||    16
       Distracted        |       |       |       |     2 |     1 ||     3
Armor: Robe              |    33 |    29 |    36 |    47 |       ||   145
       Troll leather arm |       |       |       |    53 |   180 ||   233
       Skin              |       |       |       |       |    13 ||    13
Dodge: Dodged            |    37 |    38 |   100 |   270 |   497 ||   942
Block: Kite shield       |    38 |    42 |   116 |   309 |   582 ||  1087
